 Dungeon Crawl Stone Soup version 0.19-a0-1896-g611e798 (webtiles) character file.

354 Naow the Sneak (level 6, -2/28 HPs)
             Began as a Spriggan Enchanter on Oct 19, 2016.
             Was an Initiate of Dithmenos.
             Splashed by a jelly's acid (7 damage)
             ... on level 5 of the Dungeon.
             The game lasted 00:10:34 (4894 turns).

Naow the Sneak (Spriggan Enchanter)                 Turns: 4894, Time: 00:10:35

Health: -2/28      AC:  4    Str:  4    XL:     6   Next: 35%
Magic:  5/13       EV: 19    Int: 17    God:    Dithmenos [......]
Gold:   107        SH:  3    Dex: 18    Spells: 4 memorised, 4 levels left

rFire  . . .     SeeInvis +     a - +1 dagger
rCold  . . .     Gourm    .     b - +1 robe
rNeg   . . .     Faith    .     (shield restricted)
rPois  .         Spirit   .     (helmet restricted)
rElec  .         Reflect  +     g - +0 cloak (curse)
rCorr  .         Harm     .     (gloves unavailable)
MR     +....                    (boots unavailable)
Stlth  +++.......               s - +3 amulet of reflection
                                (no ring)
                                (no ring)

@: drained, very quick
A: unfitting armour, see invisible, herbivore 3, speed 3, slow metabolism 2
a: Renounce Religion


You were on level 5 of the Dungeon.
You worshipped Dithmenos.
Dithmenos was noncommittal.
You were not hungry.

You visited 1 branch of the dungeon, and saw 5 of its levels.

You collected 107 gold pieces.

Inventory:

Hand Weapons
 a - a +1 dagger (weapon)
 y - the +8 whip of Eternal Vigilance {pain, *Drain MR+ Int+4 SInv}
   (You found it on level 4 of the Dungeon)

   In the hands of one skilled in necromantic magic, it inflicts extra damage on
   living creatures.
   It affects your intelligence (+4).
   It affects your resistance to hostile enchantments.
   It lets you see invisible.
   It causes draining when unequipped.
Missiles
 z - 15 poisoned needles
Armour
 b - a +1 robe (worn)
 g - a cursed +0 cloak (worn)
Jewellery
 s - a +3 amulet of reflection (around neck)
 v - a +4 ring of intelligence {unknown}
Scrolls
 e - 5 scrolls of enchant armour {unknown}
 i - 3 scrolls of identify {unknown}
 j - a scroll of recharging {unknown}
 l - 4 scrolls of fog {unknown}
 m - a scroll of magic mapping {unknown}
 o - 2 scrolls of teleportation {unknown}
 r - a scroll of fear {unknown}
 t - 3 scrolls of immolation {unknown}
 u - 3 scrolls of blinking {unknown}
 x - a scroll of remove curse {unknown}
 A - a scroll of random uselessness {unknown}
Potions
 f - 3 potions of lignification {unknown}
 h - a potion of brilliance {unknown}
 k - 3 potions of heal wounds
 p - 2 potions of curing {unknown}
 q - 2 potions of mutation {unknown}
Books
 c - a book of Maledictions

   Spells                             Type                      Level
   a - Corona                         Hexes                        1
   b - Ensorcelled Hibernation        Hexes/Ice                    2
   c - Confuse                        Hexes                        3
   d - Tukima's Dance                 Hexes                        3
   e - Dazzling Spray                 Conjuration/Hexes            3
 B - a book of Cantrips

   Spells                             Type                      Level
   a - Confusing Touch                Hexes                        1
   b - Animate Skeleton               Necromancy                   1
   c - Summon Small Mammal            Summoning                    1
   d - Apportation                    Translocation                1
Comestibles
 d - 5 bread rations
 n - 2 slices of pizza
 w - 4 fruits


   Skills:
 + Level 3.2(2.3) Short Blades
 + Level 4.9(4.0) Dodging
 + Level 6.6(5.6) Stealth
 + Level 4.3(3.4) Spellcasting
 + Level 5.0(4.0) Hexes


You had 4 spell levels left.
You knew the following spells:

 Your Spells              Type           Power        Failure   Level  Hunger
a - Corona                Hex            ###....      3%          1    None
b - Ensorcelled Hibernat  Hex/Ice        #.....       14%         2    ##.....
c - Tukima's Dance        Hex            ###.....     12%         3    ###....
d - Confuse               Hex            ###.....     12%         3    ###....


Dungeon Overview and Level Annotations

Branches:
Dungeon (5/15)
 Temple: D:4-7

Altars:
Dithmenos
Fedhas
Gozag
Nemelex Xobeh
Sif Muna
Trog
Uskayaw

Shops:
D:4 :

Annotations:
D:4 Pikel


Innate Abilities, Weirdness & Mutations

You are very small and have problems with some larger weapons.
You are too small for most types of armour.
You have supernaturally acute eyesight. (SInv)
You are a herbivore.
You cover ground extremely quickly.
You need consume almost no food.


Message History

The jelly misses you.
Casting: Ensorcelled Hibernation
Confirm with . or Enter, or press ? or * to list all spells.
Aiming: Ensorcelled Hibernation
Press: ? - help, Shift-Dir - straight line, f - jelly
Aim: a jelly (moderately wounded, chance to defeat MR: 50%)
The jelly resists with some effort.
The jelly hits you but does no damage.
You hit the jelly.
Your hands burn!
* * * LOW HITPOINT WARNING * * *
The jelly is heavily wounded.
The jelly hits you but does no damage.
Casting: Ensorcelled Hibernation
Confirm with . or Enter, or press ? or * to list all spells.
Aiming: Ensorcelled Hibernation
Press: ? - help, Shift-Dir - straight line, f/p - jelly
Aim: a jelly (heavily wounded, chance to defeat MR: 50%)
The jelly resists with some effort.
The jelly hits you.
* * * LOW HITPOINT WARNING * * *
You are splashed with acid!
The acid burns!
You die...

...............#
.............#.# .#
............## . !..
............# #.## ...#
...........## ..###..#
.......>..## #.....
.........## ##...##
..........## ##..J..# J
............##..@...## ..
.................#†..##...
.......................#
.....#.....#.........###
....####..##...###...#
....# #..#...## ##..#
...## #..#...# #...#
....####.....## ##...#
......##.....####...#.#


You could see a jelly.

Vanquished Creatures
  A bullfrog zombie (D:5)
  A bullfrog skeleton (D:5)
  A hound (D:5)
  Ijyb (D:2)
  An orc wizard (D:3)
  2 worker ants
  A hound skeleton (D:4)
  4 adders
  A shadow imp (D:5)
  5 worms
  A dart slug (D:3)
  4 leopard geckos
  6 orcs
  8 bats
  6 giant cockroaches
  15 hobgoblins
  4 kobolds
  2 quokkas
  A ball python (D:2)
  9 frilled lizards
  4 goblins
  A leopard gecko skeleton (D:4)
  10 rats
89 creatures vanquished.

Vanquished Creatures (others)
  A quokka (D:4)
1 creature vanquished.

Grand Total: 90 creatures vanquished

Notes
Turn   | Place    | Note
-------+----------+-------------------------------------------
     0 | D:1      | Naow the Spriggan Enchanter began the quest for the Orb.
     0 | D:1      | Reached XP level 1. HP: 9/9 MP: 5/5
   389 | D:1      | Reached XP level 2. HP: 3/13 MP: 6/6
   393 | D:1      | Learned a level 2 spell: Ensorcelled Hibernation
   398 | D:1      | Found a sparkling altar of Nemelex Xobeh.
  1230 | D:2      | Reached skill level 5 in Stealth
  1533 | D:2      | Reached XP level 3. HP: 6/16 MP: 3/8
  1920 | D:2      | Noticed a moth of wrath
  1923 | D:2      | Found a bloodstained altar of Trog.
  2044 | D:2      | Found an opulent altar of Gozag.
  2112 | D:2      | Noticed Ijyb
  2160 | D:2      | Reached XP level 4. HP: 10/21 MP: 3/9
  2197 | D:2      | Killed Ijyb
  2361 | D:2      | Reached skill level 6 in Stealth
  2622 | D:3      | Reached XP level 5. HP: 20/24 MP: 2/11
  2887 | D:3      | Found a blossoming altar of Fedhas.
  2887 | D:3      | Found a deep blue altar of Sif Muna.
  2997 | D:3      | Found a shadowy altar of Dithmenos.
  3031 | D:3      | Became a worshipper of Dithmenos the Shadowed
  3114 | D:3      | Found a sparkling altar of Nemelex Xobeh.
  3518 | D:4      | Found Edghirofe's Book Shoppe.
  3609 | D:4      | Found a hide-covered altar of Uskayaw.
  3703 | D:4      | Got a bloodstained whip
  3704 | D:4      | Identified the +8 whip of Eternal Vigilance {pain, *Drain MR+ Int+4 SInv} (You found it on level 4 of the Dungeon)
  3740 | D:4      | Noticed a slave
  3740 | D:4      | Noticed a slave
  3740 | D:4      | Noticed a slave
  3741 | D:4      | Noticed Pikel
  3741 | D:4      | Noticed a slave
  3803 | D:5      | Entered Level 5 of the Dungeon
  4609 | D:5      | Reached XP level 6. HP: 27/28 MP: 10/13
  4828 | D:5      | Learned a level 3 spell: Tukima's Dance
  4832 | D:5      | Learned a level 3 spell: Confuse
  4879 | D:5      | Reached skill level 5 in Hexes
  4894 | D:5      | Splashed by a jelly's acid

Vault maps used:
D:1:      ncdulo_watergridlock, nemelex_xobeh_ov_fountains_minmay
D:2:      grunt_gozag_breadcrumbs, tgw_trog, uniq_iyjb
D:3:      nicolae_dithmenos_through_a_glass_darkly,
          chequers_temple_overflow_statue_of_worship,
          nicolae_overflow_crystal_walls, first_bread
D:4:      lemuel_doored_altar, elyvilon_altar_4, kennysheep_little_box,
          serial_shops, nicolae_shop_behind_doors, uniq_pikel

Skill      XL: |  1  2  3  4  5  6 |
---------------+-------------------+-----
Spellcasting   | 3 4 |  4.3
Stealth        | 5 6 |  6.6
Hexes          | 4 5 |  5.0
Short Blades   | 2 3 |  3.2
Dodging        | 4 |  4.9

Action                   |  1- 3 |  4- 6 || total
-------------------------+-------+-------++-------
Melee: Dagger            |   233 |   291 ||   524
       Whip              |       |     1 ||     1
 Cast: Ensorcelled Hiber |    13 |    29 ||    42
 Stab: Sleeping          |    11 |    19 ||    30
       Distracted        |       |     1 ||     1
  Eat: Bread ration      |       |     1 ||     1
Armor: Robe              |    42 |    36 ||    78
Dodge: Dodged            |   223 |   221 ||   444
Block: Other             |       |    19 ||    19
